 Dungeon Crawl Stone Soup version 0.17-a0-1301-ga863c44 (webtiles) character file.

4507 InterDimensionalOwl the Basher (level 10, -8/90 HPs)
             Began as a Hill Orc Fighter on June 7, 2015.
             Was an Elder of Yredelemnul.
             Killed by the air
             ... invoked by Gastronok
              (29 damage)
             ... on level 8 of the Dungeon.
             The game lasted 01:03:46 (8502 turns).

InterDimensionalOwl the Basher (Hill Orc Fighter)   Turns: 8502, Time: 01:03:47

Health: -8/90      AC: 17    Str: 20    XL:     10   Next: 39%
Magic:  12/12      EV:  7    Int:  7    God:    Yredelemnul [****..]
Gold:   361        SH:  6    Dex: 12    Spells: 0 memorised, 9 levels left

rFire  . . .     SeeInvis .     a - +0 flail
rCold  . . .     Clarity  .     w - +1 storm dragon armour
rNeg   . . .     SustAt   .     e - +0 buckler
rPois  .         Gourm    .     (helmet restricted)
rElec  +         Spirit   .     (no cloak)
rCorr  .         Warding  .     (no gloves)
rMut   .         Stasis   .     h - +0 pair of boots
MR     .....                    (no amulet)
Stlth  ..........               q - +2 ring of protection
                                o - +2 ring of slaying

@: injury mirror, not resistant to hostile enchantments, extremely unstealthy
A: antennae 1, fangs 1, dopey 1
a: Animate Dead, Recall Undead Slaves, Injury Mirror, Drain Life, Renounce
Religion


You were on level 8 of the Dungeon.
You worshipped Yredelemnul.
Yredelemnul was greatly pleased with you.
You were not hungry.

You visited 2 branches of the dungeon, and saw 9 of its levels.

You collected 361 gold pieces.

Inventory:

Hand weapons
 a - a +0 flail (weapon)
 d - a +0 hunting sling
 f - a cursed +0 war axe
 v - a +1 trident of freezing
Missiles
 g - 50 sling bullets
 l - 10 javelins
 m - 103 stones
 B - 4 tomahawks (quivered)
Armour
 c - a +1 shield
 e - a +0 buckler (worn)
 h - a +0 pair of boots (worn)
 k - a +0 scale mail
 p - a +0 plate armour
 w - a +1 storm dragon armour (worn)
Magical staves
 b - an uncursed staff of death
Jewellery
 o - a +2 ring of slaying (left hand)
 q - a +2 ring of protection (right hand)
 C - an uncursed ring of protection from cold {unknown}
Magical devices
 u - a wand of fire (4)
 x - a wand of frost (18)
Scrolls
 r - 2 scrolls of remove curse
 z - a scroll of fear
Potions
 D - a potion of flight
Books
 A - a book of Fire

   Spells                             Type                      Level
   a - Ignite Poison                  Fire/Transmutation/Poison    3
   b - Fireball                       Conjuration/Fire             5
   c - Bolt of Fire                   Conjuration/Fire             6
   d - Delayed Fireball               Conjuration/Fire             7
   e - Ring of Flames                 Charms/Fire                  7
Comestibles
 i - 2 fruits
 j - a beef jerky
 n - 4 meat rations


   Skills:
 - Level 8.5 Fighting
 + Level 10.6 Maces & Flails
 - Level 6.9 Armour
 + Level 8.5 Shields
 - Level 3.1 Invocations


You had 9 spell levels left.
You didn't know any spells.

Dungeon Overview and Level Annotations

Branches:
Dungeon (8/15)             Temple (1/1) D:7
   Lair: D:8-11

Altars:
Ashenzari
Cheibriados
Dithmenos
Elyvilon
Fedhas
Gozag
Makhleb
Nemelex Xobeh
Okawaru
Qazlal
Ru
Sif Muna
Trog
Vehumet
Xom
Yredelemnul
Zin
The Shining One

Shops:
D:6 (

Annotations:
D:8 Gastronok


Innate Abilities, Weirdness & Mutations

You have a pair of small antennae on your head.
You have very sharp teeth.
You are dopey. (Int -2)


Message History

Your giant frog zombie hits Gastronok.
You sock Gastronok!
Gastronok is severely wounded.
Your worker ant zombie bites Gastronok.
Gastronok bites your worker ant zombie!!
Your worker ant zombie is destroyed!
Your giant frog zombie hits Gastronok but does no damage.
You hit Gastronok.
Gastronok is severely wounded.
Your giant frog zombie hits Gastronok but does no damage.
You sock Gastronok! You bite Gastronok.
Gastronok is severely wounded.
Your giant frog zombie hits Gastronok.
Your storm dragon armour prevents you from hitting Gastronok.
Gastronok is severely wounded.
Your giant frog zombie hits Gastronok.
Gastronok waves his eye-stalks in wide circles.
The air twists around and strikes you!
You die...
Your body rises from the dead as a mindless zombie.

..# ##. ..# ###. ...# #...
...# #.## ....# #.##
#############...# #.#.
#...............# #.#.
#)####.....Z###### #.#.
#Z#....(...w@....# #.#)
#.#.##...........# #.#.
#.#.######.......# ##.#.
#.#.###..........# #....
#.#...'..........# #....
#.#..##....####### #....
#.#..##....# ########....
#.#..##....#######..)..###...
#.#....................'.)...


You could see Gastronok and a friendly giant frog zombie.

Vanquished Creatures
  Maurice (D:8)
  Grinder (D:3)
  A two-headed ogre (D:8)
  Sigmund (D:3)
  A deep elf mage (D:8)
  A hungry ghost (D:8)
  An orc warrior (D:7)
  A water moccasin (D:8)
  Duvessa (D:4)
  2 ice beasts
  A necrophage (D:7)
  A black bear (D:5)
  4 centaurs
  3 ogres (D:7)
  A phantom (D:6)
  Blork the orc (D:6)
  A gnoll sergeant (D:5)
  A giant frog (D:8)
  Dowan (D:4)
  2 scorpions
  The ghost of Githyanki the Chucker, a weakling OgHu (D:3)
  5 crimson imps
  A giant frog zombie (D:5)
  2 quasits
  2 orc priests
  3 jellies
  7 orc wizards
  5 worker ants
  Jessica (D:3)
  A centaur skeleton (D:5)
  A giant frog skeleton (D:5)
  5 hounds
  2 iguanas (D:7)
  Natasha (D:2)
  A hound zombie (D:5)
  A hound skeleton (D:6)
  Robin (D:4)
  6 gnolls
  2 river rats (D:3)
  4 adders
  2 shadow imps
  4 oozes
  2 adder skeletons
  3 worms
  25 orcs
  2 ball pythons (D:3)
  2 bat skeletons
  6 giant cockroaches
  25 goblins
  15 hobgoblins
  3 jackals (D:2)
  8 kobolds
  7 quokkas
  16 bats
  3 giant geckos
  4 giant newts
  2 gnoll zombies (D:2)
  A jackal zombie (D:6)
  A quokka skeleton (D:5)
  12 rats
222 creatures vanquished.

Vanquished Creatures (collateral kills)
  A hungry ghost (D:7)
  2 giant frogs
  A scorpion (D:6)
  An orc priest (D:7)
  A jelly (D:5)
  An adder (D:7)
  A gnoll (D:5)
  A worm (D:5)
  4 orcs
  A bat (D:7)
  A bat skeleton (D:7)
  A quokka (D:7)
  A kobold (D:5)
17 creatures vanquished.

Vanquished Creatures (others)
  A giant frog (D:6)
  A centaur zombie (D:7)
  An orc wizard (D:6)
  A necrophage skeleton (D:7)
  A hound zombie (D:6)
  A worker ant zombie (D:8)
  An adder (D:6)
  A scorpion zombie (D:6)
  2 adder zombies
  A worm zombie (D:5)
  An orc skeleton (D:6)
  A bat zombie (D:4)
  A giant cockroach (D:6)
  A giant newt zombie (D:5)
  4 orc zombies
19 creatures vanquished.

Grand Total: 258 creatures vanquished

Notes
Turn   | Place    | Note
--------------------------------------------------------------
     0 | D:1      | InterDimensionalOwl the Hill Orc Fighter began the quest for the Orb.
     0 | D:1      | Reached XP level 1. HP: 19/19 MP: 1/1
   313 | D:1      | Reached XP level 2. HP: 23/26 MP: 2/2
   937 | D:1      | Reached XP level 3. HP: 26/31 MP: 3/3
  1082 | D:1      | Reached skill level 4 in Maces & Flails
  1232 | D:1      | Gained mutation: You have very sharp teeth. [potion of beneficial mutation]
  1576 | D:2      | Noticed Natasha
  1898 | D:2      | Killed Natasha
  1898 | D:2      | Reached XP level 4. HP: 30/39 MP: 4/4
  1978 | D:2      | Found a sacrificial altar of Ru.
  1989 | D:2      | Reached skill level 5 in Maces & Flails
  2192 | D:2      | Found a basalt altar of Yredelemnul.
  2200 | D:2      | Became a worshipper of Yredelemnul the Dark
  2287 | D:3      | Reached XP level 5. HP: 45/45 MP: 5/5
  2295 | D:3      | Found a radiant altar of Vehumet.
  2460 | D:3      | Noticed Sigmund
  2489 | D:3      | Killed Sigmund
  2489 | D:3      | Reached skill level 7 in Maces & Flails
  2489 | D:3      | Reached XP level 6. HP: 20/51 MP: 6/6
  2702 | D:3      | Found a glowing golden altar of the Shining One.
  2766 | D:3      | Found a glowing drain.
  2806 | D:3      | Noticed Grinder
  2816 | D:3      | Acquired Yredelemnul's first power
  2837 | D:4      | Gained mutation: You are dopey. (Int -2) [potion of mutation]
  2837 | D:4      | Gained mutation: You have a pair of small antennae on your head. [potion of mutation]
  2841 | D:4      | Noticed Robin
  2853 | D:4      | Killed Robin
  3015 | D:3      | Noticed Jessica
  3024 | D:3      | Killed Jessica
  3026 | D:3      | Reached XP level 7. HP: 49/57 MP: 7/7
  3041 | D:3      | Paralysed by Grinder for 4 turns
  3059 | D:3      | Killed Grinder
  3059 | D:3      | Reached skill level 8 in Maces & Flails
  3144 | D:3      | Noticed Githyanki's ghost (weakling OgHu)
  3163 | D:3      | Killed Githyanki's ghost
  3627 | D:4      | Noticed Duvessa
  3629 | D:4      | Noticed Dowan
  3646 | D:4      | Killed Duvessa
  3646 | D:4      | Reached XP level 8. HP: 67/67 MP: 8/8
  3653 | D:4      | Killed Dowan
  3653 | D:4      | Reached skill level 5 in Fighting
  3695 | D:4      | Acquired Yredelemnul's second power
  3731 | D:4      | Reached skill level 5 in Shields
  4107 | D:4      | Reached skill level 1 in Invocations
  4516 | D:5      | Entered Level 5 of the Dungeon
  5012 | D:5      | Acquired Yredelemnul's third power
  5022 | D:5      | Reached skill level 9 in Maces & Flails
  5059 | D:5      | Reached skill level 5 in Armour
  5128 | D:5      | Reached XP level 9. HP: 73/75 MP: 11/11
  5153 | D:5      | Found an iron altar of Okawaru.
  5274 | D:5      | Found a snail-covered altar of Cheibriados.
  5501 | D:6      | Found a deep blue altar of Sif Muna.
  5502 | D:6      | Noticed Blork the orc
  5516 | D:6      | Killed Blork the orc
  5585 | D:6      | Found a white marble altar of Elyvilon.
  5787 | D:6      | Found a shimmering altar of Xom.
  5795 | D:6      | Found Loecheru's Weapon Emporium.
  5817 | D:6      | Your ally Blork died
  6173 | D:6      | Reached skill level 10 in Maces & Flails
  6268 | D:6      | Found a shadowy altar of Dithmenos.
  6365 | D:6      | Found a shattered altar of Ashenzari.
  6505 | D:6      | Acquired Yredelemnul's fourth power
  6684 | D:7      | Found a staircase to the Ecumenical Temple.
  6715 | Temple   | Entered the Ecumenical Temple
  7207 | D:7      | Found a bloodstained altar of Trog.
  7403 | D:7      | Reached XP level 10. HP: 88/88 MP: 12/12
  7412 | D:7      | Found a stormy altar of Qazlal.
  7684 | D:8      | Noticed Maurice
  8409 | D:8      | Killed Maurice
  8480 | D:8      | Noticed Gastronok
  8502 | D:8      | Killed from afar by Gastronok

Vault maps used:
D:1:      ncdulo_lavacross
D:2:      nicolae_ru_great_annihilating_truth, lemuel_zombie_altar_yredelemnul,
          uniq_natasha
D:3:      lemuel_doored_altar, nicolae_overflow_hidden_temple,
          portal_sewer_entry_a, kennysheep_nondescript, uniq_sigmund,
          uniq_jessica, uniq_grinder
D:4:      first_bread, uniq_robin, uniq_duvessa
D:5:      nicolae_overflow_crystal_walls, slow_altar_1
D:6:      ashenzari_conservatory_becter, elyvilon_altar_5, old_standard_altar,
          xom_confusion_cloud, serial_shops, shop, grunt_ministairs_7,
          nicolae_dithmenos_shadow_blocks, uniq_blork_the_orc
D:7:      lemuel_crystal_altar, lightli_temple_of_fire,
          minmay_temple_entry_statues_pillars
D:8:      uniq_maurice, uniq_gastronok
Temple:   nicolae_temple_hex_pool_5

Action                   |  1- 3 |  4- 6 |  7- 9 | 10-12 || total
-------------------------+-------+-------+-------+-------++-------
Melee: Flail             |   164 |   150 |   497 |   105 ||   916
 Fire: Hunting sling     |       |     1 |       |       ||     1
Throw: Stone             |    21 |    17 |     6 |       ||    44
       Javelin           |       |       |     9 |       ||     9
       Tomahawk          |       |       |    28 |     8 ||    36
Invok: Animate Remains   |       |       |     7 |       ||     7
       Animate Dead      |       |       |    12 |     2 ||    14
       Injury Mirror     |       |       |       |     2 ||     2
       Drain Life        |       |       |       |     1 ||     1
  Use: Scroll            |     9 |     1 |     3 |     4 ||    17
       Potion            |     4 |     3 |     3 |     3 ||    13
 Stab: Paralysed         |       |     2 |       |       ||     2
       Confused          |       |       |     2 |       ||     2
  Eat: Chunk             |     2 |     1 |    11 |     2 ||    16
       Bread ration      |     1 |       |     2 |       ||     3
       Fruit             |       |       |       |     1 ||     1
       Pizza             |       |       |       |     1 ||     1
